 Dungeon Crawl Stone Soup version 0.17-a0-1954-g0dddeaa (webtiles) character file.

60 glosham the Skirmisher (level 3, 10/31 HPs)
             Began as a Demigod Wanderer on Oct 4, 2015.
             Quit the game on level 1 of the Dungeon.
             The game lasted 00:22:40 (2267 turns).

glosham the Skirmisher (Demigod Wanderer)           Turns: 2267, Time: 00:22:40

Health: 10/31      AC:  2    Str: 19    XL:     3   Next: 57%
Magic:  9/9        EV: 11    Int: 16    God:
Gold:   82         SH:  0    Dex: 13    Spells: 3 memorised, 2 levels left

rFire  . . .     SeeInvis .     n - -3 war axe (curse)
rCold  . . .     Clarity  .     X - +0 robe
rNeg   . . .     SustAt   +     (no shield)
rPois  .         Gourm    .     (no helmet)
rElec  .         Spirit   .     (no cloak)
rCorr  .         Warding  .     (no gloves)
rMut   .         Stasis   .     (no boots)
MR     .....                    (no amulet)
Stlth  +.........               (no ring)
                                (no ring)

@: not resistant to hostile enchantments, very unstealthy
A: high mp 1, sustain attributes
a: no special abilities


You were on level 1 of the Dungeon.
You were not hungry.

You visited 1 branch of the dungeon, and saw 2 of its levels.

You collected 82 gold pieces.

Inventory:

Hand weapons
 a - a +0 spear
 f - a +0 hand axe
 i - a +0 whip
 n - a cursed -3 war axe (weapon)
Missiles
 g - 47 stones (quivered)
 h - 22 arrows
 k - 25 poisoned needles
Armour
 l - a +0 ring mail
 X - a +0 robe (worn)
Jewellery
 D - an uncursed ring of fire
 Q - an uncursed ring of teleportation
Potions
 d - 2 potions of mutation {!q}
 j - 2 potions of curing
Books
 e - a book of Spatial Translocations

   Spells                             Type                      Level
   a - Apportation                    Translocation                1
   b - Blink                          Translocation                2
   c - Shroud of Golubria             Charms/Translocation         2
   d - Portal Projectile              Translocation                3
   e - Teleport Other                 Translocation                3
   f - Passage of Golubria            Translocation                4
Comestibles
 b - a bread ration


   Skills:
 - Level 3.0 Fighting
 * Level 1.1 Axes
 - Level 1.7 Armour
   Level 1.0 Shields
 - Level 2.6 Spellcasting
 - Level 1.7 Translocations
 - Level 1.0 Evocations


You had 2 spell levels left.
You knew the following spells:

 Your Spells              Type           Power        Failure   Level  Hunger
a - Apportation           Tloc           #.........   12%         1    #......
b - Blink                 Tloc           N/A          17%         2    ##.....
s - Shroud of Golubria    Chrm/Tloc      #.........   21%         2    ##.....


Dungeon Overview and Level Annotations

Branches:
Dungeon (2/15)


Innate Abilities, Weirdness & Mutations

You have an increased reservoir of magic (+10% MP).
Your attributes are resistant to harm.


Message History

Robin throws the goblin at you! The goblin hits you but does no damage.
Unknown command.
You slash Robin!
You kill Robin!
Your Axes skill increases to level 1!
You closely miss the goblin. You hit the goblin but do no damage.
The goblin hits you but does no damage. x2
The goblin hits you. The goblin hits you with a dagger. x2
A goblin comes into view. It is wielding a dagger.
The goblin shouts!
The goblin hits you with a dagger.
You closely miss the goblin. The goblin barely misses you.
The goblin hits you with a dagger.
You barely miss the goblin. The goblin hits you but does no damage.
Some of the chunks of flesh in your inventory have rotted away.
You see here a hobgoblin skeleton.
There is a stone staircase leading up here.
The goblin hits you but does no damage.
You climb upwards.
There is a stone staircase leading down here.
You can't unwield your weapon to draw a new one!
You closely miss the goblin. The goblin hits you with a dagger.
You hit the goblin.
The goblin is lightly wounded.
The goblin closely misses you. The goblin hits you but does no damage.
You hit the goblin.
The goblin is almost dead.
The goblin hits you with a dagger.
You hit the goblin.
You kill the goblin!
Read which item? (? for menu, Esc to quit)
As you read the scroll labeled ERIPPO QITH, it crumbles to dust.
It is a scroll of identify.
Identify which item? (\ to view known items) (? for menu, Esc to quit)
d - 2 potions of mutation You are feeling hungry.
Eat a chunk of flesh? (ye/n/q/i?) This raw flesh tastes terrible.
Are you sure you want to abandon this character and quit the game? (Confirm with "yes".)

#.## #........# #.......#### #.#
###.#.#### ###.###..... #.#
#....# #...# ###### #'## ##.###
#.### ...## #.# #.# # ....## #.#
#.#### ## .....## ##.## #.##.##
##.
......####...#########.#...####..
......'........)@.............'..
.............########......####..
#######..##..# #...........#.
..#...#..###.# #.#########.##
#.#.#.#.## #.# #...#...#...##
#.#.#.#.# #.# #.#.#.#.#.#...
#.#.#.#.# #.#######.#.#.#.#.#...
#.#.#.#.# #.........#.#.#.#.#...
#.#.#.#.####.######..#.#)#.#.#...


There were no monsters in sight!

Vanquished Creatures
  Robin (D:2)
  An adder (D:2)
  An ooze (D:1)
  2 giant geckos (D:2)
  2 giant cockroaches (D:1)
  7 hobgoblins
  2 bats (D:1)
  A giant newt (D:2)
  11 goblins
  3 kobolds (D:1)
  4 rats
35 creatures vanquished.

Notes
Turn   | Place    | Note
--------------------------------------------------------------
     0 | D:1      | glosham the Demigod Wanderer began the quest for the Orb.
     0 | D:1      | glosham set off with: a book of Spatial Translocations, a +0 spear, a potion of lignification, a +0 robe, a bread ration, a !bad item (cl:100,ty:0,pl:0,pl2:0,sp:0,qu:0), a !bad item (cl:100,ty:0,pl:0,pl2:0,sp:0,qu:0), a !bad item (cl:100,ty:0,pl:0,pl2:0,sp:0,qu:0), a !bad item (cl:100,ty:0,pl:0,pl2:0,sp:0,qu:0), a !bad item (cl:100,ty:0,pl:0,pl2:0,sp:0,qu:0), a !bad item (cl:100,ty:0,pl:0,pl2:0,sp:0,qu:0), a !bad item (cl:100,ty:0,pl:0,pl2:0,sp:0,qu:0), a !bad item (cl:100,ty:0,pl:0,pl2:0,sp:0,qu:0), a !bad item (cl:100,ty:0,pl:0,pl2:0,sp:0,qu:0), a !bad item (cl:100,ty:0,pl:0,pl2:0,sp:0,qu:0), a !bad item (cl:100,ty:0,pl:0,pl2:0,sp:0,qu:0), a !bad item (cl:100,ty:0,pl:0,pl2:0,sp:0,qu:0), a !bad item (cl:100,ty:0,pl:0,pl2:0,sp:0,qu:0), a !bad item (cl:100,ty:0,pl:0,pl2:0,sp:0,qu:0), a !bad item (cl:100,ty:0,pl:0,pl2:0,sp:0,qu:0), a !bad item (cl:100,ty:0,pl:0,pl2:0,sp:0,qu:0), a !bad item (cl:100,ty:0,pl:0,pl2:0,sp:0,qu:0), a !bad item (cl:100,ty:0,pl:0,pl2:0,sp:0,qu:0), a !bad item (cl:100,ty:0,pl:0,pl2:0,sp:0,qu:0), a !bad item (cl:100,ty:0,pl:0,pl2:0,sp:0,qu:0), a !bad item (cl:100,ty:0,pl:0,pl2:0,sp:0,qu:0), a !bad item (cl:100,ty:0,pl:0,pl2:0,sp:0,qu:0), a !bad item (cl:100,ty:0,pl:0,pl2:0,sp:0,qu:0), a !bad item (cl:100,ty:0,pl:0,pl2:0,sp:0,qu:0), a !bad item (cl:100,ty:0,pl:0,pl2:0,sp:0,qu:0), a !bad item (cl:100,ty:0,pl:0,pl2:0,sp:0,qu:0), a !bad item (cl:100,ty:0,pl:0,pl2:0,sp:0,qu:0), a !bad item (cl:100,ty:0,pl:0,pl2:0,sp:0,qu:0), a !bad item (cl:100,ty:0,pl:0,pl2:0,sp:0,qu:0), a !bad item (cl:100,ty:0,pl:0,pl2:0,sp:0,qu:0), a !bad item (cl:100,ty:0,pl:0,pl2:0,sp:0,qu:0), a !bad item (cl:100,ty:0,pl:0,pl2:0,sp:0,qu:0), a !bad item (cl:100,ty:0,pl:0,pl2:0,sp:0,qu:0), a !bad item (cl:100,ty:0,pl:0,pl2:0,sp:0,qu:0), a !bad item (cl:100,ty:0,pl:0,pl2:0,sp:0,qu:0), a !bad item (cl:100,ty:0,pl:0,pl2:0,sp:0,qu:0), a !bad item (cl:100,ty:0,pl:0,pl2:0,sp:0,qu:0), a !bad item (cl:100,ty:0,pl:0,pl2:0,sp:0,qu:0), a !bad item (cl:100,ty:0,pl:0,pl2:0,sp:0,qu:0), a !bad item (cl:100,ty:0,pl:0,pl2:0,sp:0,qu:0), a !bad item (cl:100,ty:0,pl:0,pl2:0,sp:0,qu:0), a !bad item (cl:100,ty:0,pl:0,pl2:0,sp:0,qu:0), a !bad item (cl:100,ty:0,pl:0,pl2:0,sp:0,qu:0), a !bad item (cl:100,ty:0,pl:0,pl2:0,sp:0,qu:0), a !bad item (cl:100,ty:0,pl:0,pl2:0,sp:0,qu:0), a !bad item (cl:100,ty:0,pl:0,pl2:0,sp:0,qu:0), a !bad item (cl:100,ty:0,pl:0,pl2:0,sp:0,qu:0)
     0 | D:1      | Reached XP level 1. HP: 16/16 MP: 6/6
     2 | D:1      | Learned a level 1 spell: Apportation
  1061 | D:1      | Reached skill level 2 in Fighting
  1092 | D:1      | Reached XP level 2. HP: 7/24 MP: 8/8
  1102 | D:1      | Learned a level 2 spell: Blink
  1105 | D:1      | Learned a level 2 spell: Shroud of Golubria
  1942 | D:2      | Reached skill level 3 in Fighting
  1942 | D:2      | Reached XP level 3. HP: 31/31 MP: 5/9
  2210 | D:2      | Noticed Robin
  2229 | D:2      | Killed Robin
  2229 | D:2      | Reached skill level 1 in Axes
  2267 | D:1      | Quit the game

Vault maps used:
D:1:      lemuel_arrival_behind_the_door_large, hangedman_decor_growths,
          minivault_27, minivault_27, kennysheep_flooded_box
D:2:      nicolae_overflow_crystal_walls, first_bread, uniq_robin

Action                   || total
-------------------------++-------
Melee: Spear             ||   139
       War axe           ||    12
 Cast: Shroud of Golubri ||    19
  Use: Scroll            ||     2
       Potion            ||     1
 Stab: Sleeping          ||     1
  Eat: Chunk             ||     6

Table legend:
 A = Turns spent in this place as a percentage of turns spent in the entire game.
 B = Non-inter-level travel turns spent in this place as a percentage of non-inter-level travel turns spent in the entire game.
 C = Inter-level travel turns spent in this place as a percentage of turns spent in this place.
 D = Turns resting spent in this place as a percentage of non-inter-level travel turns spent in this place.
 E = Turns spent auto-exploring this place as a percentage of non-inter-level travel turns spent in this place.
 F = Non-inter-level travel turns spent in this place divided by the number of levels of this place that you've seen.
                   A       B       C       D       E      F
               +-------+-------+-------+-------+-------+----------------------
         Total | 100.0 | 100.0 |   0.1 |   3.1 |   0.2 | 527.0
       Dungeon | 100.0 | 100.0 |   0.1 |   3.1 |   0.2 | 527.0
               +-------+-------+-------+-------+-------+----------------------

Table legend:
 A = Kills in this place as a percentage of kills in entire the game.
 B = Kills by you in this place as a percentage of kills by you in the entire game.
 C = Kills by friends in this place as a percentage of kills by friends in the entire game.
 D = Other kills in this place as a percentage of other kills in the entire game.
 E = Experience gained in this place as a percentage of experience gained in the entire game.
 F = Experience gained in this place divided by the number of levels of this place that you have seen.
                   A       B       C       D       E      F
               +-------+-------+-------+-------+-------+----------------------
         Total | 100.0 | 100.0 |  -nan |  -nan | 100.0 |  43.5
       Dungeon | 100.0 | 100.0 |  -nan |  -nan | 100.0 |  43.5
               +-------+-------+-------+-------+-------+----------------------

Vault maps used:
D:1:      lemuel_arrival_behind_the_door_large, hangedman_decor_growths,
          minivault_27, minivault_27, kennysheep_flooded_box
D:2:      nicolae_overflow_crystal_walls, first_bread, uniq_robin
